 Dungeon Crawl Stone Soup version 0.21.1-1-g345015f (console) character file.

187 Homage the Chucker (level 5, -4/45 HPs)
             Began as a Centaur Hunter on May 13, 2018.
             Killed from afar by an orc wizard (8 damage)
             ... with a puff of flame
             ... on level 3 of the Dungeon.
             The game lasted 00:06:52 (3274 turns).

Homage the Chucker (Centaur Hunter)                 Turns: 3274, Time: 00:06:53

Health: -4/45      AC:  5    Str: 15    XL:     5   Next: 39%
Magic:  5/5        EV: 10    Int: 10    God:
Gold:   208        SH:  0    Dex: 10    Spells: 4/4 levels left

rFire    . . .     SeeInvis .   a - +0 flail
rCold    . . .     Gourm    .   (no shield)
rNeg     . . .     Faith    .   b - +0 robe
rPois    .         Spirit   .   e - +0 helmet
rElec    .         Reflect  .   (no cloak)
rCorr    .         Harm     .   (no gloves)
MR       .....                  (no barding)
Stlth    +.........             (no amulet)
HPRegen  0.15/turn              (no ring)
MPRegen  0.09/turn              (no ring)

@: very quick
A: large, hooves 3, deformed body, speed 2, tough skin 3
a: no special abilities


You were on level 3 of the Dungeon.
You were not hungry.

You visited 1 branch of the dungeon, and saw 4 of its levels.

You collected 208 gold pieces.


Innate Abilities, Weirdness & Mutations

You have hooves in place of feet.
Armour fits poorly on your strangely shaped body.
You cover ground very quickly.
You have extremely tough skin. (AC +3)


   Skills:
 - Level 3.1 Fighting
 + Level 3.6 Maces & Flails
 - Level 4.3 Throwing
 - Level 2.0 Dodging
 - Level 0.4 Stealth


You had 4 spell levels left.
You didn't know any spells.

Inventory:

Hand Weapons
 a - a +0 flail (weapon)
Missiles
 c - 2 javelins (quivered)
 d - 2 throwing nets
 h - 36 sling bullets
 m - 88 stones
 n - 18 arrows
Armour
 b - a +0 robe (worn)
 e - a +0 helmet (worn)
Wands
 o - a wand of flame (22)
Scrolls
 i - a scroll of remove curse
 j - a scroll of immolation {unknown}
 k - a scroll of teleportation
 l - a scroll of fog {unknown}
Comestibles
 f - 9 rations
 g - 2 chunks of flesh


Message History

The orc wizard points at you and mumbles some strange words.
The magic dart hits you! The orc wizard casts a spell at you.
The puff of flame hits you!
* * * LOW HITPOINT WARNING * * *
Throwing (i - inventory. (,) - cycle):
c - 4 javelins (quivered)
Press: ? - help, Shift-Dir - straight line, f/p - orc wizard
Aim: an orc wizard, wielding a dagger and wearing a robe (almost dead)
You throw a javelin.
The javelin closely misses the orc wizard.
The orc wizard hits you but does no damage.
Throwing (i - inventory. (,) - cycle):
c - 3 javelins (quivered)
Press: ? - help, Shift-Dir - straight line, f/p - orc wizard
Aim: an orc wizard, wielding a dagger and wearing a robe (almost dead)
You throw a javelin.
The javelin hits the orc wizard but does no damage.
The orc wizard is almost dead.
The orc wizard points at you and mumbles some strange words.
The puff of flame hits you!
You die...

.....#.#.# #.##...#....##[##.....
.....#.#.# #.##.).......#.##.....
######.#.# #..#..#####....##.....
#### #.#.####.#..######.#)###....
...# #.#.#.......................
...# #.#.#.###...######.#.#######
...# #.#....##......# #.#........
...# #.#....###.....# #.#........
#### #.#....# #o@...# #..........
######.#....###..[..#####.#######
....##.#............'............
....'..###'####.....#####.#######
....#### #.# #.....# #.# #####
#.# #.....# #.# #.# #.....# #.#
#.####.....# #.# #......#####
#.#######


You could see an orc wizard.

Vanquished Creatures
  A crimson imp (D:3)
  A hound (D:2)
  Jessica (D:3)
  3 adders (D:3)
  A worm (D:3)
  2 dart slugs (D:1)
  3 leopard geckos (D:1)
  5 orcs (D:3)
  4 giant cockroaches
  8 goblins
  3 hobgoblins
  6 kobolds
  A ball python (D:1)
  7 bats
  8 frilled lizards
  8 rats
62 creatures vanquished.

Notes
Turn   | Place    | Note
-------+----------+-------------------------------------------
     0 | D:1      | Homage the Centaur Hunter began the quest for the Orb.
     0 | D:1      | Reached XP level 1. HP: 17/17 MP: 1/1
   261 | D:1      | Reached XP level 2. HP: 23/24 MP: 2/2
   594 | D:2      | Reached XP level 3. HP: 14/29 MP: 3/3
  1662 | D:1      | Reached XP level 4. HP: 30/36 MP: 4/4
  1943 | D:3      | Reached skill level 3 in Maces & Flails
  2653 | D:3      | Noticed Jessica
  2664 | D:3      | Killed Jessica
  2664 | D:3      | Reached skill level 3 in Fighting
  2821 | D:3      | Reached XP level 5. HP: 45/45 MP: 5/5
  3272 | D:3      | HP: 3/45 [orc wizard/puff of flame (12)]
  3274 | D:3      | Killed from afar by an orc wizard

Vault maps used:
D:1:      scummos_arrival_checkerplants, minmay_statues_item
D:2:      kennysheep_generic_room_8
D:3:      first_ration, uniq_jessica
D:4:      kennysheep_little_box, marbit_many_paths, ashenzari_altar_1,
          led_sif_book, nemelex_spade_bored_becter

Action                   |  1- 3 |  4- 6 || total
-------------------------+-------+-------++-------
Melee: Whip              |    96 |    49 ||   145
       Short sword       |    11 |       ||    11
       Kick              |    17 |     8 ||    25
       Flail             |       |    36 ||    36
Throw: Javelin           |     2 |    33 ||    35
  Use: Scroll            |     2 |     3 ||     5
       Potion            |       |     1 ||     1
  Eat: Chunk             |     2 |     4 ||     6
Armor: Leather armour    |    42 |       ||    42
       Robe              |     7 |    27 ||    34
       Ring mail         |     2 |       ||     2
Dodge: Dodged            |    57 |    53 ||   110
